Map: Orbital Shipyard

Players

오재롱

  • Race: Zerg Zerg
  • League: Gold

Zerg - Winner!

  • Race: Protoss Protoss
  • League: Gold

VOD

https://www.youtube.com/watch?v=iIcwe8frDnM

Description

Time

  • Played on: Aug. 28, 2015, 9:14 p.m.
  • Length: 16:41
Show
View Real Time Build Order
Export as new Build Order

오재롱 Zerg 

Build Orders: Hatch First 

Get SALT Encoding   

  12  0:01  Drone  
  13  0:08  Drone  
  14  0:17  Overlord  
  15  0:35  Drone  
  15  0:49  Hatchery  
  14  0:50  Drone  
  15  1:00  Drone  
  16  1:12  Spawning Pool  
  15  1:19  Drone  
  15  1:20  Drone  
  15  1:24  Extractor  
  16  1:28  Drone  
  16  1:31  Drone  
  18  1:46  Overlord  
  18  2:02  Drone  
  18  2:04  Hatchery  
  18  2:17  Queen  
  18  2:20  Drone  
  21  2:23  Drone  
  21  2:28  Drone  
  21  2:29  Drone  
  24  2:35  Drone  
  25  2:38  Drone  
  25  2:40  Drone  
  25  2:44  Drone  
  28  2:53  Overlord  
  28  2:55  Queen  
  30  3:01  Metabolic Boost  
  30  3:04  Zergling x2  
  31  3:07  Drone  
  31  3:08  Drone  
  31  3:11  Drone x2  
  35  3:21  Drone  
  35  3:24  Drone x2, Extractor  
  35  3:26  Queen  
  39  3:33  Drone x2  
  41  3:35  Drone x2  
  41  3:36  Drone  
  41  3:40  Queen  
  46  3:45  Overlord  
  46  3:47  Overlord  
  46  3:53  Drone  
  47  4:01  Spore Crawler, Queen  
  48  4:03  Drone x2  
  48  4:04  Spore Crawler  
  48  4:07  Drone  
  50  4:10  Spore Crawler  
  50  4:16  Drone x3  
  52  4:21  Drone  
  52  4:23  Roach Warren  
  52  4:25  Lair  
  52  4:26  Zergling x4  
  52  4:28  Zergling x2  
  55  4:31  Drone  
  56  4:49  Evolution Chamber  
  56  4:50  Drone x3  
  58  4:52  Extractor  
  58  4:54  Extractor  
  58  4:55  Drone  
  58  4:57  Evolution Chamber  
  56  5:02  Drone  
  56  5:03  Drone  
  56  5:04  Overlord x2  
  57  5:23  Overlord x2  
  57  5:26  Drone x2  
  59  5:28  Roach  
  59  5:29  Hatchery, Roach x7  
  59  5:32  Overlord  
  74  5:41  Overlord x4  
  74  5:44  Queen  
  74  5:47  Zerg Missile Weapons Level 1  
  76  5:51  Zerg Ground Armor Level 1  
  76  5:58  Roach x3  
  76  6:01  Drone  
  76  6:02  Glial Reconstitution  
  83  6:07  Drone x2  
  83  6:08  Drone  
  86  6:15  Extractor  
  86  6:17  Extractor  
  84  6:25  Roach x3  
  90  6:26  Drone x3  
  90  6:27  Drone x2  
  90  6:31  Spire  
  94  6:33  Burrow  
  94  6:43  Drone x2  
  94  6:45  Queen  
  98  6:51  Drone  
  98  6:52  Roach  
  98  6:53  Roach x2  
  105  7:01  Ravager x3  
  108  7:02  Ravager  
  109  7:12  Roach  
  109  7:13  Drone x2, Roach x4  
  121  7:33  Roach x6  
  121  7:34  Roach  
  121  7:36  Overlord x2  
  135  7:37  Hatchery  
  134  7:59  Overseer  
  134  8:08  Corruptor x5  
  144  8:14  Zerg Flyer Weapons Level 1, Zerg Missile Weapons Level 2  
  144  8:32  Overlord x2  
  144  8:38  Overlord x2  
  144  8:48  Overlord x2  
  144  8:49  Overlord  
  144  8:52  Corruptor x2  
  144  8:53  Corruptor x4  
  156  9:02  Pneumatized Carapace  
  156  9:11  Queen  
  156  9:12  Drone x2  
  156  9:14  Extractor  
  156  9:16  Extractor  
  149  9:35  Roach x6  
  149  9:36  Roach x8  
  163  9:42  Roach  
  163  9:43  Roach x3  
  150  9:57  Roach x2  
  150  9:58  Roach x5  
  159  10:11  Roach x6  
  155  10:15  Corruptor  
  155  10:20  Corruptor  
  134  10:39  Corruptor x4  
  142  10:45  Roach x3  
  144  10:53  Corruptor, Roach x28  
  144  10:54  Corruptor  
  148  11:01  Corruptor x2  
  152  11:08  Drone x4  
  152  11:09  Drone  
  157  11:24  Overseer  
  157  11:27  Corruptor  
  157  11:28  Corruptor x2  
  157  11:29  Corruptor  
  165  11:50  Drone x5  
  165  11:52  Roach x2  
  174  11:54  Overlord  
  174  12:00  Zerg Flyer Weapons Level 2  
  174  12:03  Hatchery  
  173  12:09  Drone  
  173  12:13  Drone x4  
  178  12:17  Zerg Ground Armor Level 2  
  178  12:18  Infestation Pit  
  177  12:26  Corruptor  
  177  12:27  Corruptor  
  179  12:42  Roach x10  
  159  12:56  Overseer  
  145  12:58  Roach x2  
  145  12:59  Roach x6  
  145  13:00  Roach  
  159  13:06  Overseer  
  159  13:07  Overseer x3  
  159  13:08  Overseer x2  
  159  13:11  Corruptor  
  161  13:14  Corruptor  
  161  13:18  Corruptor  
  165  13:20  Drone  
  165  13:24  Queen  
  168  13:32  Corruptor x2  
  172  13:36  Corruptor, Roach x34  
  172  13:39  Drone  
  172  13:40  Drone  
  176  13:52  Corruptor x2  
  176  13:54  Overlord x2  
  172  14:08  Corruptor x4  
  162  14:10  Corruptor  
  138  14:22  Corruptor  
  138  14:23  Corruptor x2  
  130  14:36  Corruptor x4  
  138  14:40  Corruptor, Roach x7  
  138  14:45  Spine Crawler  
  135  14:57  Roach x7  
  149  15:10  Roach x6  
  161  15:16  Drone x4  
  151  15:30  Roach x4  
  151  15:31  Roach x2  
  153  15:38  Roach x3  
  153  15:42  Corruptor  
  120  15:50  Corruptor x2  
  120  16:03  Corruptor, Roach x8  
  120  16:04  Corruptor x3  
Show
View Real Time Build Order
Export as new Build Order

Zerg Protoss - Winner!

Build Orders: 1 Gate Expand, Forge Fast Expand (FFE), Oracle Opening 

Get SALT Encoding   

  12  0:01  Probe  
  13  0:13  Probe  
  14  0:20  Pylon  
  14  0:25  Probe  
  15  0:38  Probe  
  15  0:40  Gateway  
  16  0:50  Probe  
  16  0:53  Forge  
  17  1:02  Probe  
  18  1:14  Probe  
  19  1:26  Nexus  
  19  1:30  Probe  
  20  1:33  Assimilator  
  20  1:37  Assimilator  
  20  1:42  Probe  
  21  1:49  Cybernetics Core  
  21  1:56  Pylon  
  21  2:03  Probe  
  22  2:15  Probe  
  22  2:17  Photon Cannon  
  23  2:23  Gateway  
  23  2:28  Probe  
  24  2:35  Warp Gate  
  24  2:40  Probe  
  24  2:42  Probe  
  26  2:51  Stargate  
  26  2:52  Probe  
  26  2:54  Probe  
  26  2:57  Adept  
  30  3:04  Probe  
  31  3:06  Probe  
  31  3:10  Pylon  
  32  3:16  Probe  
  32  3:18  Probe  
  34  3:21  Adept  
  36  3:28  Probe  
  36  3:32  Adept  
  38  3:38  Oracle  
  38  3:41  Pylon  
  41  3:49  Probe x2  
  43  4:01  Probe x2, Nexus  
  47  4:13  Probe x2  
  47  4:17  Gateway  
  47  4:19  Gateway  
  47  4:25  Probe  
  48  4:42  Stalker x2  
  52  4:50  Probe x2  
  51  5:02  Probe  
  51  5:03  Probe  
  51  5:04  Assimilator  
  51  5:06  Assimilator  
  53  5:13  Fleet Beacon  
  53  5:15  Probe x2  
  53  5:30  Photon Cannon  
  53  5:31  Pylon  
  53  5:33  Gateway x2  
  53  5:36  Probe x3  
  56  5:45  Void Ray  
  56  5:48  Probe x2  
  56  5:49  Probe  
  63  5:50  Stargate  
  63  5:52  Pylon  
  63  5:53  Pylon  
  63  5:54  Pylon  
  63  5:58  Pylon  
  63  6:00  Probe  
  63  6:01  Probe x2  
  63  6:03  Assimilator  
  66  6:06  Assimilator  
  66  6:07  Carrier  
  66  6:11  Carrier  
  66  6:12  Probe  
  66  6:13  Probe x2  
  69  6:19  Stalker x2  
  69  6:23  Stalker  
  88  6:40  Probe x3  
  90  6:50  Graviton Catapult  
  90  6:51  Adept x2  
  90  6:52  Probe x3, Adept x2  
  101  7:02  Pylon  
  101  7:04  Pylon  
  101  7:07  Photon Cannon  
  101  7:18  Carrier  
  101  7:22  Pylon  
  101  7:24  Nexus  
  101  7:25  Carrier  
  101  7:31  Adept x2  
  101  7:32  Adept x2  
  101  7:36  Adept x2  
  119  7:49  Probe  
  126  7:52  Protoss Air Weapons Level 1  
  126  7:56  Pylon  
  126  8:00  Pylon  
  126  8:03  Pylon  
  126  8:05  Probe x3  
  129  8:15  Photon Cannon  
  129  8:17  Pylon, Photon Cannon  
  129  8:21  Photon Cannon  
  129  8:24  Photon Cannon  
  129  8:27  Carrier  
  129  8:28  Gateway x2  
  129  8:43  Probe x4  
  133  8:53  Stalker x2  
  133  8:54  Assimilator  
  133  8:55  Probe  
  144  8:57  Assimilator  
  144  8:59  Pylon  
  144  9:03  Forge, Pylon  
  144  9:08  Forge  
  144  9:12  Robotics Facility  
  144  9:20  Mothership Core  
  145  9:26  Stalker x4  
  145  9:27  Stalker  
  148  9:41  Probe x4  
  148  9:53  Probe x4  
  148  9:54  Stalker x3  
  148  9:55  Stalker x2  
  162  10:05  Gateway, Probe  
  163  10:08  Gateway  
  129  10:24  Adept x3  
  129  10:25  Adept x4  
  141  10:32  Carrier  
  141  10:34  Gateway  
  141  10:35  Pylon  
  141  10:40  Photon Cannon x2  
  141  10:41  Gateway  
  141  10:44  Gateway  
  141  10:46  Pylon  
  153  11:12  Adept  
  153  11:13  Adept x5  
  165  11:19  Protoss Ground Weapons Level 1, Protoss Ground Armor Level 1  
  165  11:20  Protoss Air Weapons Level 2  
  165  11:25  Carrier  
  165  11:33  Sentry x4  
  165  11:34  Sentry x4  
  165  11:35  Sentry x2  
  185  11:40  Immortal  
  185  11:43  Carrier  
  156  12:51  Carrier x2  
  124  13:00  Adept x6  
  124  13:01  Adept x4  
  156  13:22  Observer  
  157  13:44  Sentry x5  
  157  13:45  Sentry x4  
  157  13:47  Nexus  
  175  13:55  Nexus, Carrier x2  
  175  13:57  Adept x2  
  175  14:00  Pylon  
  175  14:03  Pylon  
  137  14:31  Adept x2  
  137  14:32  Adept x6  
  137  14:33  Adept x3  
  159  14:59  Carrier x2  
  159  15:07  Adept x6  
  159  15:08  Adept x4  
  131  15:54  Stargate  
  131  16:24  Assimilator  
  131  16:27  Assimilator  
  139  16:38  Assimilator  
Tags
 
Add a new tag
Caveats
  • Supply blocks, unpowered buildings, or Contaminate may cause inaccurate times.
  • Supply counts are checked every 10 seconds.